 Dungeon Crawl Stone Soup version 0.28-a0-1506-g3893175d92 (webtiles) character file.

Game seed: 8534513307982003116

72 ytrimaz the Insei (level 4, 0/29 HPs)
             Began as an Octopode Transmuter on Jan 13, 2022.
             Slain by a gnoll (8 damage)
             ... on level 2 of the Dungeon.
             The game lasted 00:01:31 (1788 turns).

ytrimaz the Insei (Octopode Transmuter)             Turns: 1788, Time: 00:01:32

Health: 0/29       AC:  2    Str:  9    XL:     4   Next: 25%
Magic:  0/7        EV: 19    Int: 17    God:
Gold:   76         SH:  0    Dex: 17    Spells: 2/8 levels left

rFire   . . .      SeeInvis .     - Unarmed
rCold   . . .      Faith    .   (shield currently unavailable)
rNeg    . . .      Spirit   +   (helmet currently unavailable)
rPois   x          Reflect  .   c - amulet of guardian spirit
rElec   .          Harm     .   (no ring)
rCorr   .          Rampage  .   (no ring)
Will    .....                   (no ring)
Stlth   ++........              (no ring)
HPRegen 0.09/turn               (no ring)
MPRegen 0.10/turn               (no ring)
                                (no ring)
                                (no ring)

@: spider-form (expiring), wereblooded
A: venomous fangs, almost no armour, (amphibious), 8 rings, tiny, (camouflage
1), (gelatinous body 1), (nimble swimmer 1), (tentacles)
a: End Transformation


You were on level 2 of the Dungeon.
You were a venomous arachnid creature.
You visited 1 branch of the dungeon, and saw 2 of its levels.

You collected 76 gold pieces.

Inventory:

Jewellery
 c - an amulet of guardian spirit (around neck)
Scrolls
 b - a scroll of identify
 g - a scroll of teleportation {unknown}
Potions
 a - 2 potions of curing {unknown}
 d - a potion of haste
 e - a potion of lignification {unknown}
 f - a potion of cancellation {unknown}


   Skills:
 * Level 1.9 Fighting
 - Level 2.0 Dodging
 + Level 3.9 Unarmed Combat
 * Level 2.6 Spellcasting
 * Level 2.3 Transmutations
 * Level 0.2 Poison Magic


You had 2 spell levels left.
You knew the following spells:

 Your Spells              Type           Power      Damage    Failure   Level
a - Beastly Appendage     Tmut           20%        N/A       19%         1
b - Wereblood             Tmut           10%        N/A       26%         2
c - Spider Form           Tmut/Pois      6%         N/A       54%         3

Your spell library contained the following spells:

 Spells                   Type           Power      Damage    Failure   Level
 Passwall                 Tmut/Erth      5%         N/A       36%         2
 Sandblast                Erth           4%         2d4       38%         1
 Slow                     Hex            8%         N/A       38%         1
 Confusing Touch          Hex            2%         N/A       71%         3
 Ozocubu's Armour         Ice            2%         N/A       71%         3
 Stone Arrow              Conj/Erth      4%         3d7       71%         3
 Vampiric Draining        Necr           2%         2d6       71%         3
 Ice Form                 Ice/Tmut       6%         N/A       88%         4
 Ozocubu's Refrigeration  Ice            1%         4d5       100%        7


Dungeon Overview and Level Annotations

Branches:
Dungeon (2/15)

Altars:


Innate Abilities, Weirdness & Mutations

You are a venomous arachnid creature.
You have poisonous fangs.
You are tiny and dextrous.
Your spellcasting is less reliable in this form.
Your armour is entirely melded.
You are incapable of wielding weapons or throwing items.
You cannot wear most types of armour.
((You are amphibious.))
You can wear up to eight rings at the same time.
((Your skin changes colour to match your surroundings (Stealth+).))
((Your rubbery body absorbs attacks. (AC +1, EV +1)))
((You are camouflaged when in or above water. (Stealth+)))
((You have tentacles for arms and can constrict up to eight enemies at once.))


Message History

The gnoll hits you with a +0 whip. The gnoll hits you with a +0 whip.
The gnoll closely misses you. The gnoll barely misses you.
Casting: Spider Form (extremely dangerous; 32% risk of failure)
Confirm with . or Enter, or press ? or * to list all spells.
Your blood is infused with primal strength.
Unknown command.
Casting: Wereblood (safe; 11% risk of failure)
Confirm with . or Enter, or press ? or * to list all spells.
You don't have enough magic to cast this spell.
Unknown command.
Casting: Wereblood (safe; 11% risk of failure)
Confirm with . or Enter, or press ? or * to list all spells.
You don't have enough magic to cast this spell.
Unknown command.
There is an open door here.
Casting: Wereblood (safe; 11% risk of failure)
Confirm with . or Enter, or press ? or * to list all spells.
The spell is extremely dangerous to miscast (32% risk of failure)!
Continue anyway?
You turn into a venomous arachnid creature.
Unknown command.
You hit the gnoll.
The gnoll is poisoned.
The gnoll is lightly wounded.
The gnoll barely misses you.
You hit the gnoll but do no damage.
The gnoll looks as sick as possible!
The gnoll is moderately wounded.
The gnoll closely misses you.
You hit the gnoll.
The gnoll looks as sick as possible!
The gnoll is severely wounded.
The gnoll hits you with a +0 flail!
* * * LOW HITPOINT WARNING * * *
You hit the gnoll but do no damage.
The gnoll is severely wounded.
Your transformation is almost over.
You feel a bit better.
You kill the gnoll!
You bite the gnoll!
The gnoll is poisoned.
The gnoll is heavily wounded.
The gnoll hits you with a +0 whip!
You die...

..........#...........
###....#....#.#.......
#..#.#....#.#.......
###....######.#.......
............†.........
#........).†..).......
.......######...###### #####
....##.#################...######
..>.÷...........sggg...'.........
.....###################...######
..##(# ##### #.[.# ..##.# #...#
#...# ..##.# #.#.####### #...#
..##.# #.#.......## ##### .
####.# #.####.....# . #.# #.#
#.....# . ###.###.# #.....# .


You could see 3 gnolls.

Vanquished Creatures
  Terence (D:2)
  An adder (D:2)
  A gnoll (D:2)
  A dart slug (D:1)
  3 bats
  An endoplasm (D:1)
  A giant cockroach (D:1)
  4 hobgoblins (D:1)
  4 ball pythons
  5 kobolds
  7 rats
29 creatures vanquished.

Notes
Turn   | Place    | Note
-------+----------+-------------------------------------------
     0 | D:1      | ytrimaz the Octopode Transmuter began the quest for the
                  | Orb.
     0 | D:1      | Reached XP level 1. HP: 13/13 MP: 3/3
   103 | D:1      | Noticed a shining eye
   105 | D:1      | Found a faded altar of an unknown god.
   109 | D:1      | Noticed an eye of devastation
   109 | D:1      | Noticed a great orb of eyes
   109 | D:1      | Noticed a golden eye
   350 | D:1      | Reached XP level 2. HP: 18/18 MP: 5/5
  1363 | D:2      | Learned a level 2 spell: Wereblood
  1380 | D:2      | Reached XP level 3. HP: 19/23 MP: 6/6
  1387 | D:2      | Learned a level 3 spell: Spider Form
  1450 | D:2      | Noticed Terence
  1463 | D:2      | Killed Terence
  1464 | D:2      | Reached XP level 4. HP: 17/29 MP: 3/7
  1788 | D:2      | Slain by a gnoll

Illustrated notes

Levels and vault maps discovered:
D:1:      dpeg_arrival_ratfight, layout_loops_corners,
          hellmonk_ecumenical_altar_watching_god
D:2:      layout_basic, minmay_split_cup_large, uniq_terence

Action                   |  1- 3 |  4- 6 || total
-------------------------+-------+-------++-------
Melee: Unarmed           |    74 |    10 ||    84
       Constrict         |    16 |     1 ||    17
       Tentacles         |    14 |       ||    14
       Kick              |     3 |       ||     3
       Punch             |     2 |     1 ||     3
 Cast: Beastly Appendage |     4 |       ||     4
       Spider Form       |     1 |     1 ||     2
       Wereblood         |       |     1 ||     1
  Use: Scroll            |     1 |       ||     1
 Stab: Sleeping          |     6 |       ||     6
       Distracted        |     1 |       ||     1
Armor: Skin              |     6 |     3 ||     9
Dodge: Dodged            |    47 |     9 ||    56

Table legend: (Time is in decaauts)
 A = Elapsed time spent in this place.
 B = Non-inter-level travel time spent in this place.
 C = Inter-level travel time spent in this place.
 D = Time resting spent in this place.
 E = Time spent auto-exploring this place.
 F = Levels seen in this place.
 G = Mean time per level.
                   A        B        C        D        E       F      G
               +--------+--------+--------+--------+--------+-----+--------+
         Total |   1782 |   1736 |     46 |      0 |   1473 |   2 |  891.0 |
       Dungeon |   1782 |   1736 |     46 |      0 |   1473 |   2 |  891.0 |
               +--------+--------+--------+--------+--------+-----+--------+

Top non-repeatable levels by time:
     D:1: 1312 daAuts
     D:2: 470 daAuts
